 Dungeon Crawl Stone Soup version 0.21.0-3-g78d12a8 (webtiles) character file.

46 tidbits the Sneak (level 3, 0/18 HPs)
             Began as a Vine Stalker Air Elementalist on Jan 10, 2018.
             Shot with an arrow by a centaur (3 damage)
             ... on level 5 of the Dungeon.
             The game lasted 00:05:06 (784 turns).

tidbits the Sneak (Vine Stalker Air Elementalist)    Turns: 784, Time: 00:05:07

Health: 0/18       AC:  5    Str: 11    XL:     3   Next: 66%
Magic:  0/7        EV: 10    Int: 15    God:
Gold:   32         SH:  0    Dex: 14    Spells: 5/6 levels left

rFire    . . .     SeeInvis .   a - +1 dagger (drain)
rCold    . . .     Gourm    .   (no shield)
rNeg     . . .     Faith    .   r - +0 ring mail
rPois    .         Spirit   +   (no helmet)
rElec    .         Reflect  .   (no cloak)
rCorr    .         Harm     .   (no gloves)
MR       .....                  (no boots)
Stlth    ++........             (no amulet)
HPRegen  0.06/turn              (no ring)
MPRegen  0.10/turn              (no ring)

@: no status effects
A: fangs 2, magic shield, antimagic bite, no potion heal 3, rot immunity
a: no special abilities


You were on level 5 of the Dungeon.
You were not hungry.

You visited 1 branch of the dungeon, and saw 5 of its levels.
You also visited: Sewer.

You collected 32 gold pieces.

Inventory:

Hand Weapons
 a - a +1 dagger of draining (weapon)
   (You took it off a kobold on level 3 of the Dungeon)
 f - a +0 dagger
 j - a +0 short sword
 m - a +0 lajatang
 s - a +1 dagger of venom
   (You took it off an orc on level 4 of the Dungeon)
Missiles
 i - 37 arrows
Armour
 d - a +0 robe
 r - a +0 ring mail (worn)
Magical Staves
 l - an uncursed staff of summoning {unknown}
   (You found it on level 3 of the Dungeon)
Scrolls
 e - 2 scrolls of magic mapping {unknown}
 g - 3 scrolls of identify {unknown}
 h - a scroll of blinking {unknown}
 n - a scroll of immolation {unknown}
 q - a scroll of fear {unknown}
Potions
 k - a potion of magic {unknown}
 o - a potion of heal wounds {unknown}
 p - 2 potions of curing
Books
 b - a book of Air

   Spells                             Type                      Level
   a - Shock                          Conjuration/Air              1
   b - Swiftness                      Charms/Air                   2
   c - Static Discharge               Conjuration/Air              3
   d - Airstrike                      Air                          4
   e - Lightning Bolt                 Conjuration/Air              5
Comestibles
 c - 2 rations


   Skills:
 + Level 1.9 Fighting
 - Level 1.5 Dodging
 + Level 4.0 Stealth
 - Level 2.1 Spellcasting
 - Level 1.0 Conjurations
 - Level 3.0 Air Magic


You had 5 spell levels left.
You knew the following spells:

 Your Spells              Type           Power        Failure   Level  Hunger
a - Shock                 Conj/Air       #...         24%         1    #......


Dungeon Overview and Level Annotations

Branches:
Dungeon (5/15)
 Temple: D:4-7

Altars:
Fedhas
Gozag
Okawaru
Qazlal
Trog
Yredelemnul
Zin
The Shining One


Innate Abilities, Weirdness & Mutations

You have extremely sharp teeth.
When hurt, damage is shared between your health and your magic reserves.
Your bite disrupts and absorbs the magic of your enemies.
Potions cannot restore your health.
You are immune to rotting.


Message History

You barely miss the bat. You bite the bat. You drain its power.
You kill the bat!
You climb downwards.
An orc comes into view. It is wielding a dagger of venom.
There is a stone staircase leading up here.
You completely miss the orc. Your bite misses the orc.
The orc hits you with a dagger of venom.
You are poisoned.
You completely miss the orc.
You feel sick. The orc hits you but does no damage.
You are lethally poisoned!
You hit the orc.
The orc is moderately wounded.
You feel sick. The orc hits you but does no damage.
You are more poisoned.
You hit the orc.
The orc is almost dead.
You feel sick. The orc closely misses you.
You hit the orc.
You kill the orc!
* * * LOW HITPOINT WARNING * * *
You feel sick.
* * * LOW HITPOINT WARNING * * *
You feel sick.
You see here a dagger of venom.
s - a dagger of venom
* * * LOW HITPOINT WARNING * * *
You feel sick.
It was a potion of curing.
Your system rejects the healing.
You feel better.
Wield which item (- for none, * to show all)? (? for menu, Esc to quit)
Your +1 dagger of venom begins to drip with poison!
s - a +1 dagger of venom (weapon)
Wield which item (- for none, * to show all)? (? for menu, Esc to quit)
Your +1 dagger of venom stops dripping with poison.
You sense an unholy aura.
a - a +1 dagger of draining (weapon)
You open the door.
A dart slug comes into view.
There is an open door here.
The dart slug launches a dart at you. The slug dart hits you!
The dart slug closely misses you.
Your ring mail prevents you from hitting the dart slug.
The dart slug bites you.
* * * LOW HITPOINT WARNING * * *
You hit the dart slug but do no damage. You drain the dart slug!
The dart slug is moderately wounded.
You hit the dart slug. You drain the dart slug! You bite the dart slug.
You drain its power.
You kill the dart slug!
Your Stealth skill increases to level 4!
Found a potion of curing.
p - 2 potions of curing (gained 1)
Found a stormy altar of Qazlal.
You open the door.
There is an open door here.
You open the door.
Found a stone staircase leading down.
There is an open door here.
There is a stone staircase leading down here.
You climb downwards.
A sky beast comes into view.
Found a ration.
Found a stone staircase leading down.
There is a stone staircase leading up here.
The helpless sky beast fails to defend itself.
You puncture the sky beast! You bite the sky beast. You drain its power.
The sky beast is severely wounded.
The sky beast hits you.
* * * LOW HITPOINT WARNING * * *
The sky beast shocks you.
* * * LOW HITPOINT WARNING * * *
You hit the sky beast but do no damage. You drain the sky beast!
The sky beast is severely wounded.
The sky beast closely misses you.
You barely miss the sky beast. Your bite misses the sky beast.
The sky beast is severely wounded.
The sky beast barely misses you.
You closely miss the sky beast.
The sky beast is severely wounded.
The sky beast hits you.
* * * LOW HITPOINT WARNING * * *
The sky beast shocks you.
* * * LOW HITPOINT WARNING * * *
You hit the sky beast.
You bite the sky beast, but do no damage.
The sky beast is severely wounded.
The sky beast hits you but does no damage.
You hit the sky beast but do no damage. Your bite misses the sky beast.
The sky beast is severely wounded.
The sky beast flickers out of sight!
Deactivating autopickup; reactivate with Ctrl-A.
Something hits you but does no damage.
Unknown command.
You barely miss something. Something hits you but does no damage.
A hound comes into view.
A ball python comes into view.
The ball python hisses angrily.
You hear a shout!
Found a leather armour and 2 sedimented puce potions.
The centaur wields a shortbow.
The centaur shoots an arrow.
The arrow hits you.
You die...

.!......
......... ..
..... ###. ....
#.#h #..# #.#.
#..#
.###.#.##..#
...........#
###.##.##@#
#..#..##.#
#.<..##...
%.......####.S..
..>...... #.....
.........#
#..[.#.
.......#..
#....... .......
#..#....#c#.
....... #.


You could see a centaur and a ball python.

Vanquished Creatures
  2 adders
  A worm (D:3)
  A dart slug (D:4)
  A leopard gecko (D:3)
  An orc (D:4)
  A bat (D:3)
  2 giant cockroaches (D:3)
  A goblin (D:1)
  4 hobgoblins
  3 kobolds
  A rat (D:1)
18 creatures vanquished.

Notes
Turn   | Place    | Note
-------+----------+-------------------------------------------
     0 | D:1      | tidbits the Vine Stalker Air Elementalist began the quest for the Orb.
     0 | D:1      | Reached XP level 1. HP: 9/9 MP: 4/4
   179 | D:2      | Found a blossoming altar of Fedhas.
   285 | D:2      | Found a glowing golden altar of the Shining One.
   353 | D:3      | Reached skill level 3 in Stealth
   353 | D:3      | Reached XP level 2. HP: 14/14 MP: 1/6
   356 | D:3      | Reached skill level 1 in Fighting
   516 | D:3      | Found a basalt altar of Yredelemnul.
   516 | D:3      | Found an opulent altar of Gozag.
   516 | D:3      | Found a glowing silver altar of Zin.
   516 | D:3      | Found an iron altar of Okawaru.
   522 | D:3      | Found a stormy altar of Qazlal.
   522 | D:3      | Found a bloodstained altar of Trog.
   605 | D:3      | Reached XP level 3. HP: 15/18 MP: 3/7
   617 | D:3      | Found a glowing drain.
   626 | Sewer    | Entered a sewer
   705 | D:4      | Reached skill level 4 in Stealth
   736 | D:4      | Found a stormy altar of Qazlal.
   771 | D:5      | Entered Level 5 of the Dungeon
   771 | D:5      | Noticed a sky beast
   784 | D:5      | Shot with an arrow by a centaur

Skill      XL: |  1  2  3 |
---------------+----------+-----
Stealth        | 3 4 |  4.0
Fighting       | 1 |  1.9
Dodging        | |  1.5
Spellcasting   | |  2.1
Conjurations   | |  1.0
Air Magic      | |  3.0

Action                   || total
-------------------------++-------
Melee: Short sword       ||     6
       Dagger            ||    36
       Bite              ||     9
 Cast: Shock             ||    23
  Use: Potion            ||     1
 Stab: Sleeping          ||     1
Armor: Robe              ||     2
       Ring mail         ||     7
Dodge: Dodged            ||    20

Table legend:
 A = Turns spent in this place as a percentage of turns spent in the entire game.
 B = Non-inter-level travel turns spent in this place as a percentage of non-inter-level travel turns spent in the entire game.
 C = Inter-level travel turns spent in this place as a percentage of turns spent in this place.
 D = Turns resting spent in this place as a percentage of non-inter-level travel turns spent in this place.
 E = Turns spent auto-exploring this place as a percentage of non-inter-level travel turns spent in this place.
 F = Non-inter-level travel turns spent in this place divided by the number of levels of this place that you've seen.
                   A       B       C       D       E      F
               +-------+-------+-------+-------+-------+----------------------
         Total | 100.0 | 100.0 |   3.6 |   0.0 |   0.0 | 126.0
       Dungeon |  94.9 |  94.7 |   3.8 |   0.0 |   0.0 | 143.2
         Sewer |   5.1 |   5.3 |   0.0 |   0.0 |   0.0 |  40.0
               +-------+-------+-------+-------+-------+----------------------

Table legend:
 A = Kills in this place as a percentage of kills in entire the game.
 B = Kills by you in this place as a percentage of kills by you in the entire game.
 C = Kills by friends in this place as a percentage of kills by friends in the entire game.
 D = Other kills in this place as a percentage of other kills in the entire game.
 E = Experience gained in this place as a percentage of experience gained in the entire game.
 F = Experience gained in this place divided by the number of levels of this place that you have seen.
                   A       B       C       D       E      F
               +-------+-------+-------+-------+-------+----------------------
         Total | 100.0 | 100.0 |   N/A |   N/A | 100.0 |  11.0
       Dungeon |  94.4 |  94.4 |   N/A |   N/A |  78.8 |  10.4
         Sewer |   5.6 |   5.6 |   N/A |   N/A |  21.2 |  14.0
               +-------+-------+-------+-------+-------+----------------------

Vault maps used:
D:1:      eino_arrival_druids_welcome
D:2:      old_standard_altar, nicolae_overflow_crystal_walls
D:3:      minmay_overflow_temple_hex, first_ration, portal_sewer_entry_d,
          uniq_sigmund
D:4:      grunt_qazlal_clouds
D:5:      st_stairs_11
Sewer:    sewer_co_scattered_pipes
